 Dungeon Crawl Stone Soup version 0.28-a0-94-g325244837d (webtiles) character file.

Game seed: 14096325201530219941

350 Leeroy the Slasher (level 6, 0/64 HPs)
             Began as a Djinni Warper on Aug 7, 2021.
             Slain by a scorpion (7 damage)
             ... on level 5 of the Dungeon.
             The game lasted 00:07:05 (5708 turns).

Leeroy the Slasher (Djinni Warper)                  Turns: 5708, Time: 00:07:06

Health: 0/64       AC: 23    Str: 10    XL:     6   Next: 92%
Gold:   131        EV:  2    Int: 16    God:
                   SH:  0    Dex: 13

rFire   . . .      SeeInvis .   a - +1 falchion
rCold   + . .      Faith    .   (no shield)
rNeg    + + +      Spirit   .   (armour currently unavailable)
rPois   ∞          Reflect  .   (helmet currently unavailable)
rElec   .          Harm     .   (cloak currently unavailable)
rCorr   .          Rampage  .   (gloves currently unavailable)
Will    .....      NoTele   +   (boots unavailable)
Stlth   ..........              (no amulet)
HPRegen 0.20/turn               m - ring of protection from cold
MPRegen 0.00/turn               (no ring)

@: tree-form, silenced
A: stationary, stasis, torment immunity, boosted hp, sickness immunity, (fire
resistance 2), (cold vulnerability 1), float, innate caster, hp casting, extra
vitality 1
a: no special abilities


You were on level 5 of the Dungeon.
You were a tree.
You visited 1 branch of the dungeon, and saw 6 of its levels.

You collected 131 gold pieces.

Inventory:

Hand Weapons
 a - a +1 falchion (weapon)
Missiles
 d - 5 boomerangs of dispersal (quivered)
 p - 7 boomerangs
 w - 3 curare-tipped darts
Armour
 b - a +0 leather armour
 e - a +0 robe (melded)
 q - a +0 pair of gloves (melded)
 s - a +1 helmet (melded)
Jewellery
 m - a ring of protection from cold (left branch)
Scrolls
 f - 2 scrolls of identify
 l - a scroll of immolation {unknown}
 o - a scroll of fog {unknown}
 t - a scroll of amnesia
 u - a scroll of magic mapping {unknown}
 v - a scroll of enchant armour {unknown}
Potions
 i - a potion of lignification
 r - a potion of resistance {unknown}


   Skills:
 - Level 2.0 Fighting
 - Level 6.2 Long Blades
 - Level 0.7 Throwing
 - Level 1.0 Armour
 - Level 2.1 Dodging
 + Level 2.4 Spellcasting


You couldn't memorise any spells.
You knew the following spells:

 Your Spells              Type           Power      Damage    Failure   Level
a - Blink                 Tloc           N/A        N/A       11%         2
b - Lesser Beckoning      Tloc           4%         N/A       22%         3
c - Gell's Gravitas       Tloc           4%         N/A       22%         3
d - Teleport Other        Tloc           9%         N/A       22%         3
e - Manifold Assault      Tloc           9%         N/A       89%         5
f - Summon Small Mammal   Summ           36%        N/A       7%          1
g - Searing Ray           Conj           18%        3d3       11%         2
Your spell library was empty.

Dungeon Overview and Level Annotations

Branches:
Dungeon (6/15)
 Temple: D:4-7

Altars:
Trog
Yredelemnul

Shops:
D:2 *   D:4 (


Innate Abilities, Weirdness & Mutations

You are a tree.
Your roots penetrate the ground, keeping you stationary.
You cannot be teleported.
You are immune to unholy pain and torment.
Your maximum health is greatly increased.
Your equipment is partially melded.
You are immune to sickness and miasma.
You are immune to poison.
((Your flesh is very heat resistant. (rF++)))
((You are vulnerable to cold. (rC-)))
You float through the air rather than walking.
You learn spells naturally, not from books.
Your magical power is your life essence.
You have superior vitality. (+4 HP)


Message History

The water moccasin bites you but does no damage.
The scorpion stings you but does no damage.
Your bat misses the phantom.
The water moccasin bites you but does no damage.
The phantom barely misses you.
You riposte.
You hit the phantom but do no damage. You hit the scorpion.
The scorpion is lightly wounded.
Your bat hits the phantom but does no damage.
Your bat closely misses the gnoll.
The scorpion stings you.
* * * LOW HITPOINT WARNING * * *
The water moccasin barely misses you.
You riposte.
You closely miss the water moccasin.
The water moccasin is lightly wounded.
Your bat misses the gnoll.
The phantom hits you but does no damage.
The scorpion stings you but does no damage.
You barely miss the water moccasin.
The water moccasin is lightly wounded.
Your bat hits the phantom but does no damage.
The water moccasin bites you but does no damage.
The scorpion stings you but does no damage.
The phantom hits you but does no damage.
The water moccasin bites you but does no damage.
As you read the scroll labelled FUAPEANAMN, it crumbles to dust.
It is a scroll of enchant weapon.
Really abort (and waste the scroll)? [Y]es or [N]o only, please.
Really abort (and waste the scroll)?
Your +0 falchion glows red for a moment.
The scorpion stings you but does no damage.
The water moccasin bites you but does no damage.
Your bat hits the phantom but does no damage.
The phantom hits you but does no damage.
As you read the scroll labelled ZETOACLAKK, it crumbles to dust.
A profound silence engulfs you.
It was a scroll of silence.
Your bat barely misses the phantom.
The water moccasin bites you but does no damage.
The scorpion stings you!
You die...

....# #...............#
....#############.........>.....#
......g..........######.........#
.................#....'.........#
.........g.......#....#.........#
..........g...b..#....###########
.................#.....#
+#####.........WS#.....#
#........gs♣#....##
#.....############ #.....#


You could see a phantom, a water moccasin, a gnoll shaman, a scorpion (ally
target), 2 gnolls and a friendly bat (summoned).

Vanquished Creatures
  A scorpion (D:6)
  A water moccasin skeleton (D:4)
  A howler monkey (D:2)
  An orc priest (D:3)
  Terence (D:3)
  4 gnolls (D:4)
  3 adders
  2 worms
  A dart slug (D:2)
  6 orcs (D:3)
  3 ball pythons
  9 endoplasms
  2 giant cockroaches
  A goblin (D:3)
  6 hobgoblins
  5 jackals
  5 kobolds
  4 quokkas
  4 bats
  4 frilled lizards
  8 rats
72 creatures vanquished.

Notes
Turn   | Place    | Note
-------+----------+-------------------------------------------
     0 | D:1      | Leeroy the Djinni Warper began the quest for the Orb.
     0 | D:1      | Reached XP level 1. HP: 18/18 MP: 0/0
    76 | D:1      | Reached skill level 2 in Long Blades
   159 | D:1      | Found a faded altar of an unknown god.
   343 | D:1      | Reached XP level 2. HP: 23/23 MP: 0/0
  1097 | D:1      | Reached skill level 3 in Long Blades
  1097 | D:1      | Reached XP level 3. HP: 28/28 MP: 0/0
  1097 | D:1      | Learned a level 1 spell: Summon Small Mammal
  1569 | D:2      | Found Apnoabeuga's General Store.
  2288 | D:2      | Reached XP level 4. HP: 31/33 MP: 0/0
  2582 | D:3      | Noticed Terence
  3023 | D:2      | Reached skill level 4 in Long Blades
  3023 | D:2      | Reached XP level 5. HP: 25/38 MP: 0/0
  3023 | D:2      | Learned a level 2 spell: Searing Ray
  3246 | D:3      | Killed Terence
  3412 | D:3      | Reached skill level 5 in Long Blades
  3786 | D:3      | Found a basalt altar of Yredelemnul.
  3786 | D:3      | Found a bloodstained altar of Trog.
  4613 | D:4      | Reached XP level 6. HP: 13/43 MP: 0/0
  4946 | D:4      | Found Rinothrig's Weapon Emporium.
  5345 | D:4      | You are sucked into a shaft and drop 2 floors!
  5386 | D:6      | Reached skill level 6 in Long Blades
  5515 | D:5      | Entered Level 5 of the Dungeon
  5574 | D:5      | Noticed an ice beast
  5577 | D:5      | Noticed an ogre
  5624 | D:5      | Noticed a water moccasin
  5708 | D:5      | Slain by a scorpion

Illustrated notes

Levels and vault maps discovered:
D:1:      dpeg_arrival_short_road, layout_basic,
          dilly_ecumenical_altar_fadedgnrine
D:2:      layout_loops_ring, serial_shops, shop_fountains,
          nicolae_underground_beach
D:3:      layout_loops_ring, jmf_multi_god_temple, kennysheep_donut,
          uniq_terence
D:4:      layout_basic, serial_shops, nicolae_shop_statue_plus
D:5:      layout_gridville
D:6:      layout_loops_ring, minmay_temple_entry_crystal_x

Skill      XL: |  1  2  3  4  5  6 |
---------------+-------------------+-----
Long Blades    | 2 3 4 5 6 |  6.2
Fighting       | |  2.0
Throwing       | |  0.7
Armour         | |  1.0
Dodging        | |  2.1
Spellcasting   | |  2.4

Action                   |  1- 3 |  4- 6 || total
-------------------------+-------+-------++-------
Melee: Falchion          |   112 |   108 ||   220
 Cast: Summon Small Mamm |       |     7 ||     7
       Searing Ray       |       |    12 ||    12
       Blink             |       |     4 ||     4
  Use: Scroll            |       |     6 ||     6
       Potion            |       |     3 ||     3
 Stab: Sleeping          |     2 |       ||     2
Armor: Robe              |    25 |    27 ||    52
       Skin              |       |    18 ||    18
Dodge: Dodged            |    79 |   104 ||   183
       Rpst.: Falchion   |    20 |    41 ||    61

Table legend: (Time is in decaauts)
 A = Elapsed time spent in this place.
 B = Non-inter-level travel time spent in this place.
 C = Inter-level travel time spent in this place.
 D = Time resting spent in this place.
 E = Time spent auto-exploring this place.
 F = Levels seen in this place.
 G = Mean time per level.
                   A        B        C        D        E       F      G
               +--------+--------+--------+--------+--------+-----+--------+
         Total |   5733 |   5673 |     60 |   1819 |   3042 |   6 |  955.5 |
       Dungeon |   5733 |   5673 |     60 |   1819 |   3042 |   6 |  955.5 |
               +--------+--------+--------+--------+--------+-----+--------+

Top non-repeatable levels by time:
     D:2: 2018 daAuts
     D:3: 1410 daAuts
     D:1: 1180 daAuts
     D:4: 761 daAuts
     D:5: 192 daAuts
     D:6: 169 daAuts
